 Dungeon Crawl Stone Soup version 0.20.0-7-g3b7b877 (webtiles) character file.

56 Fenrisulfr the Skirmisher (level 3, 0/30 HPs)
             Began as a Barachi Abyssal Knight on May 29, 2017.
             Was a Believer of Lugonu.
             Slain by Crazy Yiuf
             ... wielding a +3 quarterstaff of chaos
              (9 damage)
             ... on level 2 of the Dungeon.
             The game lasted 00:05:13 (1790 turns).

Fenrisulfr the Skirmisher (Barachi Abyssal Knight)  Turns: 1790, Time: 00:05:13

Health: 0/30       AC:  3    Str: 13    XL:     3   Next: 95%
Magic:  1/4        EV: 11    Int: 12    God:    Lugonu [**....]
Gold:   150        SH:  0    Dex: 12    Spells: 2/2 levels left

rFire    . . .     SeeInvis .   a - +1 hand axe
rCold    . . .     Gourm    .   (no shield)
rNeg     . . .     Faith    .   b - +0 leather armour
rPois    .         Spirit   .   (no helmet)
rElec    .         Reflect  .   (no cloak)
rCorr    .         Harm     .   k - -1 pair of gloves (curse)
MR       .....                  (no boots)
Stlth    +.........             e - amulet of regeneration (curse)
Regen    0.5/turn               i - ring of wizardry
MPRegen  0.1/turn               (no ring)

@: slow
A: +LOS, swims, slowness 1, strong legs 1
a: Hop, Depart the Abyss, Bend Space, Renounce Religion


You were on level 2 of the Dungeon.
You worshipped Lugonu.
Lugonu was pleased with you.
You were not hungry.

You visited 1 branch of the dungeon, and saw 2 of its levels.
You visited the Abyss 1 time.

You collected 150 gold pieces.

Inventory:

Hand Weapons
 a - a +1 hand axe (weapon)
Armour
 b - a +0 leather armour (worn)
 h - a +0 pair of gloves
 k - a cursed -1 pair of gloves (worn)
Jewellery
 e - a cursed amulet of regeneration (around neck)
 i - a ring of wizardry (left hand)
Scrolls
 d - a scroll of magic mapping
 m - 2 scrolls of recharging
 n - a scroll of remove curse {unknown}
 p - a scroll of teleportation {unknown}
 r - a scroll of identify {unknown}
 s - 3 scrolls of enchant armour {unknown}
Potions
 j - a potion of lignification {unknown}
 l - a potion of magic {unknown}
 o - a potion of berserk rage {unknown}
Comestibles
 c - 3 bread rations
 f - a royal jelly
 g - 4 meat rations
 q - 2 chunks of flesh


   Skills:
 * Level 3.8 Fighting
 * Level 2.7 Axes
 * Level 3.7 Armour
 + Level 1.3 Dodging
 + Level 2.2 Invocations


You had 2 spell levels left.
You didn't know any spells.

Dungeon Overview and Level Annotations

Branches:
Dungeon (2/15)

Altars:
Sif Muna

Annotations:
D:2 Crazy Yiuf


Innate Abilities, Weirdness & Mutations

Shadows flee at your approach. (+LOS)
You can swim through water.
You cover ground slowly.
You can hop short distances.


Message History

You barely miss Crazy Yiuf.
Crazy Yiuf is moderately wounded.
Crazy Yiuf hits you with a quarterstaff of chaos.
Crazy Yiuf burns you.
You barely miss Crazy Yiuf.
Crazy Yiuf is moderately wounded.
Crazy Yiuf cries, "You leg down broken song, no?"
Crazy Yiuf closely misses you.
You hit Crazy Yiuf.
Crazy Yiuf is moderately wounded.
Crazy Yiuf barely misses you.
You barely miss Crazy Yiuf.
Crazy Yiuf is moderately wounded.
Crazy Yiuf hits you with a quarterstaff of chaos!
* * * LOW HITPOINT WARNING * * *
You completely miss Crazy Yiuf.
Crazy Yiuf is moderately wounded.
Crazy Yiuf closely misses you.
Crazy Yiuf hits you with a quarterstaff of chaos!
You die...

...## #...#......#
...# #####..#####
...# #..# ...###
#### .....##
.###..# .# ##.###♣♣
#### .# #.....♣♣
♣♣#..)# .#
#......♣♣♣♣.@g..#
.#
##......♣..♣#...#
##### .#
##....♣.♣♣♣ ####
#...# .# ###♣♣♣♣♣
#.#.## '### #....#
...# ##########
#.#### ...#
#..##....#####.#
...#
#............#.####
..[#
#...#.............#


You could see Crazy Yiuf.

Vanquished Creatures
  An adder (D:2)
  A worm (D:2)
  2 dart slugs
  2 leopard geckos
  4 goblins
  5 hobgoblins
  5 jackals (D:1)
  6 bats
  6 frilled lizards (D:1)
  2 kobolds (D:1)
  5 rats (D:1)
39 creatures vanquished.

Notes
Turn   | Place    | Note
-------+----------+-------------------------------------------
     0 | Abyss:1  | Fenrisulfr the Barachi Abyssal Knight began the quest for the Orb.
     0 | Abyss:1  | Reached XP level 1. HP: 18/18 MP: 2/2
    25 | D:1      | Escaped the Abyss
    83 | D:1      | Reached XP level 2. HP: 6/24 MP: 3/3
   494 | D:1      | Reached ** piety under Lugonu
   727 | D:1      | Reached XP level 3. HP: 29/30 MP: 4/4
  1338 | D:2      | Found a runed door.
  1671 | D:2      | Found a deep blue altar of Sif Muna.
  1782 | D:2      | Noticed Crazy Yiuf
  1790 | D:2      | Slain by Crazy Yiuf

Skill      XL: |  1  2  3 |
---------------+----------+-----
Armour         | 3 |  3.7
Invocations    | 2 |  2.2
Fighting       | |  3.8
Axes           | |  2.7
Dodging        | |  1.3

Action                   || total
-------------------------++-------
Melee: Hand axe          ||   134
  Use: Scroll            ||     4
 Stab: Sleeping          ||     2
  Eat: Chunk             ||     4
Armor: Leather armour    ||    39
Dodge: Dodged            ||    69
